 Dungeon Crawl Stone Soup version 0.27.0-1-g7a089689b8 (webtiles) character file.

Game seed: 8936826722412549195

10311 robertstho the Thaumaturge (level 11, -3/70 HPs)
             Began as a Djinni Fire Elementalist on Aug 3, 2021.
             Was an Initiate of Gozag.
             Killed by the air
             ... invoked by Gastronok
              (26 damage)
             ... on level 9 of the Dungeon on Aug 4, 2021.
             The game lasted 00:19:07 (14193 turns).

robertstho the Thaumaturge (DjFE)                  Turns: 14193, Time: 00:19:08

Health: -3/70      AC:  9    Str:  7    XL:     11   Next: 90%
Gold:   1260       EV: 13    Int: 27    God:    Gozag SH:  0 Dex: 13

rFire    + + .     SeeInvis .   B - +2 great mace (holy)
rCold    x . .     Faith    .   (shield currently unavailable)
rNeg     . . .     Spirit   .   a - +0 robe
rPois    ∞         Reflect  .   k - +1 hat
rElec    .         Harm     .   l - +0 cloak
rCorr    .         Rampage  .   z - +0 pair of gloves
Will     +....                  (boots unavailable)
Stlth    +++.......             (no amulet)
HPRegen  0.21/turn              m - +6 ring of intelligence
MPRegen  0.00/turn              u - +4 ring of protection

@: gold aura, flying
A: sickness immunity, fire resistance 2, cold vulnerability 1, float, innate
caster, hp casting, extra vitality 1
a: Renounce Religion, Potion Petition, Call Merchant, Bribe Branch


You were on level 9 of the Dungeon.
You worshipped Gozag.
Gozag was most pleased with you.
You visited 2 branches of the dungeon, and saw 12 of its levels.

You collected 1764 gold pieces.
You paid 504 gold pieces to Gozag.

Inventory:

Hand Weapons
 d - a +0 short sword of venom
 h - a +2 dagger of holy wrath
 B - a +2 great mace of holy wrath (weapon)
Armour
 a - a +0 robe (worn)
 k - a +1 hat (worn)
 l - a +0 cloak (worn)
 z - a +0 pair of gloves (worn)
Jewellery
 m - a +6 ring of intelligence (left hand)
 n - a ring of positive energy
 p - a ring of ice
 u - a +4 ring of protection (right hand)
 w - a ring of resist corrosion
Wands
 b - a wand of mindburst (12)
 v - a wand of digging (6)
 y - a wand of iceblast (7)
 F - a wand of flame (37)
 G - a wand of paralysis (13)
 I - a wand of charming (7)
Scrolls
 c - 4 scrolls of identify
 e - a scroll of magic mapping
 f - a scroll of teleportation
 g - 2 scrolls of enchant armour
 q - a scroll of enchant weapon {unknown}
 s - a scroll of immolation {unknown}
 x - 2 scrolls of vulnerability {unknown}
Potions
 i - 4 potions of curing
 j - a potion of cancellation {unknown}
 o - 2 potions of might {unknown}
 r - a potion of mutation {unknown}
 t - a potion of flight {unknown}
 A - a potion of attraction {unknown}
 C - a potion of magic {unknown}
 D - 4 potions of haste {unknown}
 E - a potion of brilliance {unknown}
 H - a potion of lignification {unknown}


   Skills:
 + Level 2.9 Fighting
 + Level 3.3 Short Blades
 + Level 0.7 Maces & Flails
 + Level 4.4 Dodging
 + Level 5.0 Stealth
 + Level 12.3 Spellcasting


You had 3 spell levels left.
You knew the following spells:

 Your Spells              Type           Power      Damage    Failure   Level
a - Foxfire               Conj/Fire      100%       2x1d9     1%          1
b - Conjure Flame         Conj/Fire      70%        6-21      1%          3
c - Inner Flame           Hex/Fire       70%        N/A       1%          3
d - Sticky Flame          Conj/Fire      70%        2d8       1%          4
e - Fireball              Conj/Fire      35%        3d15      1%          5
f - Magic Dart            Conj           100%       1d8       1%          1
g - Searing Ray           Conj           100%       3d7       1%          2
h - Ozocubu's Armour      Ice            70%        N/A       1%          3
i - Passage of Golubria   Tloc           N/A        N/A       1%          4
j - Irradiate             Conj/Tmut      35%        3d25      1%          5
Your spell library was empty.

Dungeon Overview and Level Annotations

Branches:
Dungeon (11/15)            Temple (1/1) D:4            Lair (0/6) D:10
    Orc (0/2) D:10

Altars:
Ashenzari
Cheibriados
Dithmenos
Elyvilon
Gozag
Hepliaklqana
Kikubaaqudgha
Makhleb
Nemelex Xobeh
Qazlal
Ru
Sif Muna
Uskayaw
Vehumet
Xom
Yredelemnul
Zin

Shops:
D:2 [   D:11 [*

Annotations:
D:9 Gastronok
D:11 3 runed translucent doors, mimimomo's ghost, journeyman DrMo


Innate Abilities, Weirdness & Mutations

You are immune to sickness and miasma.
You are immune to poison.
Your flesh is very heat resistant. (rF++)
You are vulnerable to cold. (rC-)
You float through the air rather than walking.
You learn spells naturally, not from books.
Your magical power is your life essence.
You have superior vitality. (+4 HP)


Message History

The fireball explodes!
The fireball engulfs the orc warrior!!
You kill the orc warrior!
Your Stealth skill increases to level 5!
Casting: Fireball (dangerous; 1% risk of failure)
Confirm with . or Enter, or press ? or * to list all spells.
Aiming: Fireball (dangerous; 1% risk of failure)
Press: ? - help, Shift-Dir - straight line, f - orc
Aim: an orc, wielding a +0 war axe The fireball explodes!
The fireball engulfs the orc!
You kill the orc!
Unknown command.
Casting: Fireball (dangerous; 1% risk of failure)
Confirm with . or Enter, or press ? or * to list all spells.
Aiming: Fireball (dangerous; 1% risk of failure)
Press: ? - help, Shift-Dir - straight line The fireball explodes!
The fireball engulfs Gastronok!!
Gastronok is moderately wounded.
The orc is distracted by your dazzling golden aura.
Unknown command.
Unknown command.
Casting: Fireball (dangerous; 1% risk of failure)
Confirm with . or Enter, or press ? or * to list all spells.
Aiming: Fireball (dangerous; 1% risk of failure)
Press: ? - help, Shift-Dir - straight line, f - Gastronok
Aim: Gastronok, wearing a +0 hat of stealth (moderately wounded)
The fireball explodes!
The fireball engulfs Gastronok!
Gastronok is moderately wounded.
The orc shouts!
Unknown command.
Casting: Fireball (dangerous; 1% risk of failure)
Confirm with . or Enter, or press ? or * to list all spells.
Aiming: Fireball (dangerous; 1% risk of failure)
Press: ? - help, Shift-Dir - straight line, f/p - Gastronok
Aim: Gastronok, wearing a +0 hat of stealth (moderately wounded)
The fireball explodes!
The fireball engulfs Gastronok!!
Gastronok is heavily wounded.
Gastronok waves his eye-stalks in wide circles.
The air twists around and strikes you!!
You die...
Your body crumbles into a pile of gold.

..#.......#..######## ##
..#.......#............
#.^..._.......#######.# .
#.#.......#......####.###..
..#...)...#...............#
#.#.......#...###.....(....#
#.####^####....###.......$.#
.............#.##..........#
.........#####.#@.$........#
...#..##...(......$........#
...#.......#...##.$..w.....#
.#.........#.####$.$.......####
.............## ##.(..o.......#
##............####............#
##..........#.................#
.......[......##.....(........#
#............#.....#..........#


You could see Gastronok and an orc.

Vanquished Creatures
  Erolcha (D:9)
  A boulder beetle (D:9)
  A hydra (D:11)
  Joseph (D:10)
  Maggie (D:9)
  Psyche (D:9)
  2 meliai (D:11)
  3 trolls
  Prince Ribbit (D:7)
  6 yaks
  A steam dragon (D:10)
  4 vampire mosquitoes (D:11)
  Menkaure (D:7)
  An acid dragon (D:11)
  3 water moccasins
  8 orc warriors
  An ice beast (D:6)
  2 sky beasts
  A black bear (D:8)
  A necrophage (D:8)
  4 centaurs
  3 kobold brigands
  5 bullfrogs
  2 scorpions
  A water moccasin zombie (D:6)
  5 water moccasin skeletons
  8 killer bees (D:9)
  2 electric eels
  3 howler monkeys
  A bullfrog zombie (D:6)
  A hound (D:5)
  2 jellies
  8 orc priests
  A bullfrog skeleton (D:5)
  A centaur zombie (D:7)
  Crazy Yiuf (D:3)
  A centaur skeleton (D:6)
  A gnoll shaman (D:8)
  2 iguanas (D:4)
  10 orc wizards
  A hound skeleton (D:5)
  5 gnolls (D:8)
  A howler monkey skeleton (D:7)
  4 adders
  A white imp (D:6)
  3 worms
  5 dart slugs
  44 orcs
  5 endoplasms
  A giant cockroach (D:1)
  8 goblins
  13 hobgoblins
  5 jackals
  18 kobolds
  2 quokkas
  10 ball pythons
  5 bats
  A frilled lizard (D:3)
  A jackal skeleton (D:4)
  2 rats (D:1)
238 creatures vanquished.

Vanquished Creatures (collateral kills)
  10 foxfires (D:3)
10 creatures vanquished.

Vanquished Creatures (others)
  805 foxfires
  A plant (D:3)
806 creatures vanquished.

Grand Total: 1054 creatures vanquished

Notes
Turn   | Place    | Note
-------+----------+-------------------------------------------
     0 | D:1      | robertstho the Djinni Fire Elementalist began the quest for
                  | the Orb.
     0 | D:1      | Reached XP level 1. HP: 15/15 MP: 0/0
     5 | D:1      | Noticed a seven-headed hydra
     8 | D:1      | Noticed a six-headed hydra
   276 | D:1      | Reached XP level 2. HP: 8/21 MP: 0/0
   940 | D:1      | Reached XP level 3. HP: 16/25 MP: 0/0
   940 | D:1      | Learned a level 1 spell: Magic Dart
  1182 | D:1      | Reached skill level 3 in Spellcasting
  1464 | D:1      | Found a faded altar of an unknown god.
  1541 | D:2      | Found Huzeurit's Antique Armour Shoppe.
  1667 | D:2      | Found a shadowy altar of Dithmenos.
  2338 | D:2      | Reached skill level 1 in Short Blades
  2338 | D:2      | Reached XP level 4. HP: 25/31 MP: 0/0
  3242 | D:3      | Found a hide-covered altar of Uskayaw.
  4267 | D:3      | Reached XP level 5. HP: 32/35 MP: 0/0
  4267 | D:3      | Learned a level 2 spell: Searing Ray
  4427 | D:3      | Found a runed translucent door.
  4428 | D:3      | Noticed Crazy Yiuf
  4474 | D:3      | Killed Crazy Yiuf
  4959 | D:4      | Reached skill level 4 in Spellcasting
  4959 | D:4      | Reached XP level 6. HP: 36/41 MP: 0/0
  5255 | D:4      | Found a staircase to the Ecumenical Temple.
  5327 | Temple   | Entered the Ecumenical Temple
  5342 | Temple   | Became a worshipper of Gozag Ym Sagoz the Greedy
  5505 | D:5      | Entered Level 5 of the Dungeon
  5630 | D:5      | Noticed a sky beast
  5636 | D:5      | Killed a sky beast
  5637 | D:5      | Reached XP level 7. HP: 43/46 MP: 0/0
  5637 | D:5      | Learned a level 3 spell: Ozocubu's Armour
  5691 | D:5      | Found a glowing silver altar of Zin.
  5802 | D:5      | Reached skill level 5 in Spellcasting
  6153 | D:5      | Noticed a water moccasin
  6160 | D:5      | Killed a water moccasin
  6843 | D:6      | Reached XP level 8. HP: 37/51 MP: 0/0
  7036 | D:6      | Reached skill level 6 in Spellcasting
  7445 | D:6      | Noticed a yak
  7454 | D:6      | Killed a yak
  7455 | D:6      | Reached skill level 7 in Spellcasting
  7956 | D:6      | Reached XP level 9. HP: 52/56 MP: 0/0
  7956 | D:6      | Learned a level 4 spell: Passage of Golubria
  7958 | D:6      | Found a snail-covered altar of Cheibriados.
  8160 | D:7      | Noticed Prince Ribbit
  8165 | D:7      | Killed Prince Ribbit
  8170 | D:7      | Reached skill level 1 in Fighting
  8175 | D:7      | Reached skill level 8 in Spellcasting
  8699 | D:7      | Noticed Menkaure
  8704 | D:7      | Killed Menkaure
  8868 | D:7      | Found a white marble altar of Elyvilon.
  8960 | D:7      | Found a basalt altar of Yredelemnul.
  9765 | D:8      | Reached skill level 9 in Spellcasting
  9765 | D:8      | Reached XP level 10. HP: 54/63 MP: 0/0
 10481 | D:9      | Found a broken altar of Ashenzari.
 10508 | D:9      | Noticed Erolcha
 10519 | D:9      | Noticed Gastronok
 10525 | D:9      | Noticed Psyche
 10739 | D:10     | Entered Level 10 of the Dungeon
 10910 | D:10     | Reached skill level 10 in Spellcasting
 11060 | D:10     | Found a burning altar of Makhleb.
 11146 | D:10     | Found a staircase to the Lair.
 11314 | D:9      | Killed Erolcha
 11320 | D:9      | Noticed a boulder beetle
 11320 | D:9      | Noticed Maggie
 11780 | D:10     | Noticed Joseph
 11785 | D:10     | Killed Joseph
 11786 | D:10     | Reached XP level 11. HP: 24/68 MP: 0/0
 11786 | D:10     | Learned a level 5 spell: Irradiate
 12147 | D:10     | Found a staircase to the Orcish Mines.
 12295 | D:10     | Reached skill level 11 in Spellcasting
 12508 | D:11     | Found Tievvas's Armour Boutique.
 12536 | D:11     | Noticed a skeletal warrior
 12537 | D:11     | Noticed a skeletal warrior
 12578 | D:11     | Noticed a seven-headed hydra
 12859 | D:11     | Noticed mimimomo's ghost (journeyman DrMo)
 13095 | D:11     | Found a runed translucent gate.
 13095 | D:11     | Found a runed translucent gate.
 13095 | D:11     | Found a runed translucent gate.
 13324 | D:11     | Found Qiuwieqi's Overcharged Wands.
 13532 | D:11     | Killed a seven-headed hydra
 13570 | D:11     | Reached skill level 12 in Spellcasting
 13596 | D:11     | Noticed a skeletal warrior
 13868 | D:9      | Found a stormy altar of Qazlal.
 13917 | D:9      | Killed a boulder beetle
 13919 | D:9      | Killed Maggie
 13923 | D:9      | Killed Psyche
 14190 | D:9      | Reached skill level 5 in Stealth
 14193 | D:9      | Killed from afar by Gastronok

Illustrated notes

Levels and vault maps discovered:
D:1:      sevenhm_arrival_forest_fort_small_2, layout_basic,
          shapermc_ecumenical_altar_hornbeckon
D:2:      layout_basic, basic_altar, serial_shops,
          nicolae_shop_overgrown_old_shop, serial_corexii_hall,
          corexii_hall_statues_l, corexii_hall_statues_t, corexii_hall_statues_s
D:3:      corexii_shack_village, layout_basic, old_standard_altar,
          minmay_misc_feat_enclosed, hangedman_glass_teeth,
          minmay_misc_feat_tiny, uniq_crazy_yiuf_cottage
D:4:      layout_loops_cross, minmay_temple_entry_mini_moons,
          chequers_mini_garden
D:5:      layout_loops_corners, nicolae_overflow_crystal_walls, hex_medium
D:6:      layout_cave_pools, kennysheep_slug_shrine, kennysheep_generic_room_5
D:7:      layout_cave_pools, kennysheep_ying_yang, uniq_menkaure,
          uniq_prince_ribbit1
D:8:      layout_basic, minmay_misc_feat_encased, nrook_mini_vaults, st_stairs_7
D:9:      cheibrodos_helix_gallery, layout_rooms, lemuel_tele_altar,
          marbit_many_paths, uniq_maggie, uniq_erolcha, uniq_gastronok,
          uniq_psyche
D:10:     layout_roguey, general_overflow_altar, lair_entry_dummy, erik_orc_2,
          uniq_joseph
D:11:     layout_roguey, gammafunk_ghost_icy, serial_shops,
          nicolae_stop_n_shop_2, nicolae_shop_overcharged_wands
Temple:   nicolae_temple_great_sept

Skill      XL: |  1  2  3  4  5  6  7  8  9 10 11 |
---------------+----------------------------------+-----
Spellcasting   | 3 4 5 7 9 10 12 | 12.3
Short Blades   | 1 2 3 |  3.3
Stealth        | 2 3 4 5 |  5.0
Dodging        | 3 4 |  4.4
Fighting       | 1 2 |  2.9
Maces & Flails | |  0.7

Action                   |  1- 3 |  4- 6 |  7- 9 | 10-12 || total
-------------------------+-------+-------+-------+-------++-------
Melee: Short sword       |    52 |     6 |     8 |       ||    66
       Great mace        |       |       |     3 |     2 ||     5
 Cast: Foxfire           |    64 |   146 |   216 |    57 ||   483
       Sticky Flame      |       |     1 |     7 |     8 ||    16
       Fireball          |       |       |     1 |    99 ||   100
       Magic Dart        |       |       |     1 |       ||     1
       Searing Ray       |       |       |     1 |       ||     1
       Irradiate         |       |       |       |     6 ||     6
Invok: Potion Petition   |       |       |       |     1 ||     1
  Use: Scroll            |     2 |     2 |     2 |     5 ||    11
       Potion            |       |       |       |     1 ||     1
 Stab: Sleeping          |     1 |       |       |       ||     1
Armor: Robe              |    24 |     2 |     5 |     4 ||    35
Dodge: Dodged            |    38 |    17 |    29 |    13 ||    97
